 Dungeon Crawl Stone Soup version 0.21-a0-113-g6841d05 (webtiles) character file.

39753 grindst0ne the Unseen (level 13, 0/55 HPs)
             Began as a Spriggan Enchanter on July 12, 2017.
             Was a Follower of Uskayaw.
             Killed from afar by a rime drake (27 damage)
             ... with a flash freeze
             ... on level 6 of the Lair of Beasts.
             The game lasted 01:41:56 (20550 turns).

grindst0ne the Unseen (Spriggan Enchanter)         Turns: 20550, Time: 01:41:57

Health: 0/55       AC:  7    Str:  4    XL:     13   Next: 70%
Magic:  7/20       EV: 30    Int: 17    God:    Uskayaw [*.....]
Gold:   805        SH:  0    Dex: 21    Spells: 2/17 levels left

rFire    . . .     SeeInvis +   x - +2 short sword (freeze)
rCold    . . .     Gourm    .   (shield restricted)
rNeg     . . .     Faith    +   b - +0 robe
rPois    .         Spirit   .   (helmet restricted)
rElec    .         Reflect  .   t - +2 cloak {MR+}
rCorr    .         Harm     .   (gloves unavailable)
MR       +++..     Rnd*Tele +   (boots unavailable)
Stlth    ++++......             o - amulet of faith
HPRegen  0.18/turn              q - +5 ring of evasion
MPRegen  0.17/turn              H - +6 ring of evasion

@: slow
A: unfitting armour, slimy green scales 1, see invisible, herbivore 3, speed 3,
slow metabolism 2, teleportitis 1
a: Stomp, Renounce Religion


You were on level 6 of the Lair of Beasts.
You worshipped Uskayaw.
Uskayaw was aware of your devotion.
You were very hungry.

You visited 3 branches of the dungeon, and saw 18 of its levels.
You also visited: Ossuary.

You collected 871 gold pieces.
You spent 66 gold pieces at shops.

Inventory:

Hand Weapons
 n - the +5 long sword "Xerof" {vamp, +Fly}
   (You found it on level 4 of the Dungeon)

   It inflicts no extra harm, but heals its wielder when it wounds a living foe.
   It lets you fly.
 x - a +2 short sword of freezing (weapon)
Armour
 b - a +0 robe (worn)
 m - a scarf of spirit shield
 t - a +2 cloak of magic resistance (worn)
 N - a +0 troll leather armour
Jewellery
 g - an uncursed amulet of harm {unknown}
 o - an amulet of faith (around neck)
 q - a +5 ring of evasion (left hand)
 w - an uncursed ring of flight
 H - a +6 ring of evasion (right hand)
 Z - an uncursed ring of protection from fire {unknown}
Wands
 y - a wand of disintegration (12/24)
 G - a wand of polymorph (8/24)
 I - a wand of iceblast (5/15)
 O - a wand of acid (6/15)
 P - a wand of confusion (24/48)
 W - a wand of flame (17/48)
Scrolls
 k - 2 scrolls of recharging
 p - a scroll of fear
 r - 3 scrolls of enchant armour
 A - 2 scrolls of identify
 B - a scroll of enchant weapon
 D - a scroll of magic mapping
 K - 4 scrolls of teleportation
 Q - a scroll of acquirement {unknown}
 R - a scroll of brand weapon {unknown}
 U - 4 scrolls of remove curse
 X - 2 scrolls of blinking
 Y - a scroll of silence {unknown}
Potions
 e - 2 potions of heal wounds
 f - 6 potions of haste
 h - 2 potions of brilliance
 l - 4 potions of curing
 s - 3 potions of berserk rage
 u - 2 potions of ambrosia
 v - 3 potions of invisibility
 C - a potion of might
 E - 3 potions of agility
 J - a potion of flight
Books
 a - a book of Misfortune

   Spells                             Type                      Level
   a - Confusing Touch                Hexes                        1
   b - Confuse                        Hexes                        3
   c - Gell's Gravitas                Translocation                3
   d - Petrify                        Transmutation/Earth          4
   e - Metabolic Englaciation         Hexes/Ice                    5
   f - Yara's Violent Unravelling     Hexes/Transmutation          5
 c - a book of Maledictions

   Spells                             Type                      Level
   a - Corona                         Hexes                        1
   b - Ensorcelled Hibernation        Hexes/Ice                    2
   c - Confuse                        Hexes                        3
   d - Tukima's Dance                 Hexes                        3
   e - Dazzling Spray                 Conjuration/Hexes            3
 i - a book of Minor Magic

   Spells                             Type                      Level
   a - Magic Dart                     Conjuration                  1
   b - Blink                          Translocation                2
   c - Call Imp                       Summoning                    2
   d - Slow                           Hexes                        2
   e - Conjure Flame                  Conjuration/Fire             3
   f - Mephitic Cloud                 Conjuration/Poison/Air       3
 F - a Fen Folio

   Spells                             Type                      Level
   a - Corpse Rot                     Necromancy                   2
   b - Stone Arrow                    Conjuration/Earth            3
   c - Leda's Liquefaction            Hexes/Earth                  4
   d - Summon Forest                  Summoning/Translocation      5
   e - Hydra Form                     Transmutation                6
   f - Summon Hydra                   Summoning                    7
 M - a book of Geomancy

   Spells                             Type                      Level
   a - Sandblast                      Earth                        1
   b - Passwall                       Transmutation/Earth          2
   c - Stone Arrow                    Conjuration/Earth            3
   d - Petrify                        Transmutation/Earth          4
   e - Lee's Rapid Deconstruction     Earth                        5
 V - a book of the Tempests

   Spells                             Type                      Level
   a - Static Discharge               Conjuration/Air              3
   b - Lightning Bolt                 Conjuration/Air              5
   c - Ignition                       Fire                         8
   d - Tornado                        Air                          9
   e - Shatter                        Earth                        9
Comestibles
 d - 4 bread rations
 j - 27 royal jellies
 z - 12 fruits


   Skills:
 - Level 4.3 Short Blades
 - Level 3.0 Dodging
 + Level 19.6 Stealth
 - Level 2.6 Spellcasting
 + Level 15.8 Hexes
 - Level 6.2 Translocations
 - Level 3.5 Ice Magic
 * Level 7.7 Earth Magic
 - Level 9.0 Invocations


You had 2 spell levels left.
You knew the following spells:

 Your Spells              Type           Power        Failure   Level  Hunger
a - Tukima's Dance        Hex            ######..     1%          3    ###....
b - Ensorcelled Hibernat  Hex/Ice        #####.       1%          2    ##.....
c - Confuse               Hex            ######..     1%          3    ###....
d - Passwall              Tmut/Erth      ###.......   5%          2    ##.....
e - Blink                 Tloc           N/A          2%          2    ##.....
f - Dazzling Spray        Conj/Hex       ####..       1%          3    ###....


Dungeon Overview and Level Annotations

Branches:
Dungeon (11/15)            Temple (1/1) D:7            Lair (6/6) D:10
  Swamp (0/4) Lair:3       Spider (0/4) Lair:4        Slime (0/5) Lair:5
    Orc: D:9-12

Altars:
Ashenzari
Cheibriados
Dithmenos
Elyvilon
Fedhas
Gozag
Hepliaklqana
Kikubaaqudgha
Makhleb
Nemelex Xobeh
Okawaru
Qazlal
Ru
Sif Muna
Trog
Uskayaw
Vehumet
Wu Jian
Xom
Yredelemnul
Zin
The Shining One

Shops:
D:11 *

Annotations:
D:3 2 transporters


Innate Abilities, Weirdness & Mutations

You are very small and have problems with some larger weapons.
You are too small for most types of armour.
You have supernaturally acute eyesight. (SInv)
You are a herbivore.
You cover ground extremely quickly.
You need consume almost no food.
You are partially covered in slimy green scales. (AC +2)
You are occasionally teleported next to monsters.


Message History

The flash freeze hits you!
You are encased in ice.
Why would you want to do that?
You enter the shallow water.
Moving in this stuff is going to be slow.
The rime drake misses you. The rime drake completely misses you.
The ice encasing you melts away. The rime drake barely misses you.
Casting: Confuse
Confirm with . or Enter, or press ? or * to list all spells.
Aiming: Confuse
Press: ? - help, Shift-Dir - straight line, f/p - rime drake
Aim: a rime drake (water, chance to defeat MR: 74%)
The rime drake struggles to resist.
The rime drake misses you.
You enter the shallow water.
Moving in this stuff is going to be slow.
The rime drake breathes ice at you. The flash freeze hits you!
You die...

##....... ♣♣ ##........
♣♣♣. ##......P#. ≈≈.≈ ♣♣
####.......##. .≈≈≈♣ l
#..†........#. ♣.≈♣♣l
♣#.......##.#.. .
♣≈.≈♣♣♣♣♣♣........####..
♣...♣♣.≈.♣♣≈..........#
#§.
♣......≈k≈@≈≈†......##
#..
♣♣♣♣P♣.♣≈.♣♣≈≈.....##
##. ♣ ♣♣♣♣♣♣♣♣≈...### #.
♣P..## #. #########...#
## ## #P.........## ##
.####### ##.........#.#
#P
.......####........#####
###.
......##.#.......#.#
#...


You could see a rime drake.

Vanquished Creatures
  A fire dragon (Lair:2)
  4 hydras
  Erica (Lair:1)
  A two-headed ogre (D:10)
  The ghost of Kenran the Cleaver, a novice DrFi of Okawaru (D:8)
  2 lindwurms (Lair:6)
  The ghost of p0werm0de the Insei, a novice OpAM of Cheibriados (D:7)
  A manticore (Lair:3)
  A centaur zombie (D:10)
  6 black mambas
  6 elephants
  2 torpor snails (Lair:6)
  9 spiny frogs
  A gargoyle (D:11)
  3 rime drakes (Lair:3)
  4 komodo dragons
  2 trolls
  Grinder (D:4)
  2 queen bees
  2 jumping spiders (Lair:4)
  8 hornets
  10 hippogriffs
  A bog body (Lair:3)
  4 blink frogs (Lair:4)
  Sigmund (D:5)
  2 wyverns (Lair:3)
  5 humans (D:6)
  29 yaks
  2 basilisks (Lair:3)
  A steam dragon (Lair:6)
  Menkaure (D:4)
  A hungry ghost (D:9)
  3 swamp worms (Lair:3)
  2 soldier ants (D:9)
  13 water moccasins
  6 porcupines
  A swamp drake (Lair:6)
  2 sky beasts
  A necrophage (D:8)
  An ice beast (D:10)
  2 orc warriors
  A phantom (D:4)
  2 black bears
  11 wolves
  5 ogres
  7 centaurs
  18 crocodiles
  A gnoll sergeant (D:9)
  13 bullfrogs
  A water moccasin zombie (D:5)
  2 scorpions
  54 killer bees
  A howler monkey (D:9)
  3 crimson imps
  3 hounds
  3 orc priests
  5 jellies
  Crazy Yiuf (D:2)
  A bullfrog skeleton (D:6)
  2 centaur skeletons (D:5)
  Jessica (D:2)
  4 iguanas
  5 orc wizards
  A hell rat (Lair:3)
  6 worker ants
  5 big kobold zombies (Ossuary)
  2 hound zombies
  A hound skeleton (D:4)
  A mummy (Ossuary)
  A howler monkey zombie (D:5)
  3 worker ant zombies
  15 adders
  A howler monkey skeleton (D:4)
  8 gnolls
  2 shadow imps
  5 oozes
  2 adder zombies (D:5)
  An adder skeleton (D:5)
  2 worms
  4 dart slugs
  4 leopard geckos
  39 orcs
  6 spectral bats (Ossuary)
  7 ball pythons
  15 bats
  4 giant cockroaches
  7 gnoll zombies (Ossuary)
  4 goblins
  9 hobgoblins
  6 jackals
  4 quokkas
  A bat simulacrum (Ossuary)
  10 frilled lizards
  3 goblin simulacra (Ossuary)
  5 goblin zombies (Ossuary)
  8 hobgoblin zombies (Ossuary)
  A jackal skeleton (D:5)
  11 kobolds
  2 kobold simulacra (Ossuary)
  A kobold zombie (Ossuary)
  2 leopard gecko zombies
  4 orc zombies (Ossuary)
  3 rats
  2 rat simulacra (Ossuary)
  3 spectral goblins (Ossuary)
  A spectral kobold (Ossuary)
  2 spectral rats (Ossuary)
515 creatures vanquished.

Vanquished Creatures (others)
  2 fungi
  28 plants (Lair:6)
30 creatures vanquished.

Grand Total: 545 creatures vanquished

Notes
Turn   | Place    | Note
-------+----------+-------------------------------------------
     0 | D:1      | grindst0ne the Spriggan Enchanter began the quest for the Orb.
     0 | D:1      | Reached XP level 1. HP: 9/9 MP: 5/5
   222 | D:1      | Reached XP level 2. HP: 13/13 MP: 2/6
   226 | D:1      | Learned a level 2 spell: Ensorcelled Hibernation
   303 | D:1      | Reached skill level 5 in Stealth
  1181 | D:1      | Reached XP level 3. HP: 11/16 MP: 0/8
  1287 | D:1      | Learned a level 3 spell: Confuse
  1608 | D:2      | Noticed Jessica
  1651 | D:2      | Killed Jessica
  1651 | D:2      | Reached skill level 6 in Stealth
  1651 | D:2      | Reached skill level 5 in Hexes
  1651 | D:2      | Reached XP level 4. HP: 21/21 MP: 3/9
  2330 | D:2      | Found a runed door.
  2334 | D:2      | Noticed Crazy Yiuf
  2343 | D:2      | Killed Crazy Yiuf
  2343 | D:2      | Reached skill level 7 in Stealth
  2343 | D:2      | Reached XP level 5. HP: 24/24 MP: 1/10
  2558 | D:3      | Found a transporter.
  2558 | D:3      | Found a transporter.
  2873 | D:3      | Found a shimmering altar of Xom.
  3871 | D:4      | Noticed Menkaure
  3882 | D:4      | Reached XP level 6. HP: 16/28 MP: 2/11
  3893 | D:4      | Killed Menkaure
  3893 | D:4      | Reached skill level 8 in Stealth
  4213 | D:4      | Found a sacrificial altar of Ru.
  4251 | D:4      | Noticed Grinder
  4453 | D:4      | Reached skill level 9 in Stealth
  4453 | D:4      | Reached XP level 7. HP: 22/32 MP: 2/12
  4590 | D:4      | Got a polished long sword
  4640 | D:4      | Killed Grinder
  4640 | D:4      | Reached skill level 10 in Stealth
  5292 | D:5      | Entered Level 5 of the Dungeon
  5317 | D:5      | Noticed Sigmund
  5319 | D:5      | Killed Sigmund
  5355 | D:5      | Reached XP level 8. HP: 36/36 MP: 13/13
  5461 | D:5      | Reached skill level 11 in Stealth
  5501 | D:5      | Learned a level 3 spell: Tukima's Dance
  5966 | D:5      | Found a sparkling altar of Nemelex Xobeh.
  6256 | D:6      | Reached skill level 12 in Stealth
  6256 | D:6      | Reached skill level 10 in Hexes
  6305 | D:6      | Reached skill level 13 in Stealth
  6305 | D:6      | Reached XP level 9. HP: 27/39 MP: 1/14
  6464 | D:6      | Identified the +5 long sword "Xerof" {vamp, +Fly} (You found it on level 4 of the Dungeon)
  6593 | D:6      | Found an opulent altar of Gozag.
  6761 | D:6      | Learned a level 5 spell: Metabolic Englaciation
  7151 | D:6      | Reached skill level 1 in Ice Magic
  7238 | D:7      | Found a staircase to the Ecumenical Temple.
  7238 | D:7      | Noticed p0werm0de's ghost (novice OpAM)
  7252 | D:7      | Killed p0werm0de's ghost
  7252 | D:7      | Reached skill level 14 in Stealth
  7266 | Temple   | Entered the Ecumenical Temple
  7447 | Temple   | Became a worshipper of Uskayaw the Reveler
  7484 | D:7      | Reached * piety under Uskayaw
  7492 | D:7      | Found a sand-covered staircase.
  7497 | Ossuary  | Entered an ossuary
  7572 | Ossuary  | Reached ** piety under Uskayaw
  7625 | Ossuary  | Reached *** piety under Uskayaw
  7654 | Ossuary  | Reached **** piety under Uskayaw
  7663 | Ossuary  | Reached ***** piety under Uskayaw
  8177 | D:7      | Found a shattered altar of Ashenzari.
  8902 | D:8      | Noticed Kenran's ghost (novice DrFi)
  8972 | D:8      | Killed Kenran's ghost
  8972 | D:8      | Reached XP level 10. HP: 16/44 MP: 5/15
  9285 | D:8      | Reached skill level 15 in Stealth
  9667 | D:8      | Found a deep blue altar of Sif Muna.
 10388 | D:9      | Found a radiant altar of Vehumet.
 11000 | D:10     | Entered Level 10 of the Dungeon
 11060 | D:9      | Reached skill level 16 in Stealth
 11060 | D:9      | Reached skill level 5 in Invocations
 11721 | D:9      | Reached XP level 11. HP: 41/47 MP: 10/16
 12305 | D:10     | Found a staircase to the Lair.
 12321 | D:10     | Noticed a two-headed ogre
 12424 | D:10     | Killed a two-headed ogre
 12597 | D:11     | Found Kecoruo's Assorted Antiques.
 12606 | D:11     | Bought a purple potion for 31 gold pieces
 12606 | D:11     | Bought a scroll labeled KYENAPS XOEMU for 35 gold pieces
 13100 | Lair:1   | Entered Level 1 of the Lair of Beasts
 13179 | Lair:1   | Noticed a seven-headed hydra
 13186 | Lair:1   | Killed a seven-headed hydra
 13186 | Lair:1   | Reached skill level 17 in Stealth
 13915 | Lair:1   | Noticed Erica
 13922 | Lair:1   | Killed Erica
 13933 | Lair:1   | Learned a level 2 spell: Blink
 14001 | Lair:1   | Reached skill level 1 in Translocations
 14454 | Lair:2   | Found a sacrificial altar of Ru.
 14516 | Lair:2   | Noticed a fire dragon
 14637 | Lair:2   | Killed a fire dragon
 14678 | Lair:2   | Gained mutation: You are occasionally teleported next to monsters. [potion of mutation]
 14678 | Lair:2   | Gained mutation: You are partially covered in slimy green scales. (AC +2) [potion of mutation]
 14896 | Lair:2   | Learned a level 2 spell: Passwall
 14900 | Lair:2   | Learned a level 3 spell: Dazzling Spray
 15067 | Lair:3   | Reached XP level 12. HP: 51/51 MP: 14/18
 15102 | Lair:3   | Reached skill level 1 in Earth Magic
 15168 | Lair:3   | Reached skill level 5 in Translocations
 15643 | Lair:3   | Found a staircase to the Swamp.
 15878 | Lair:3   | Reached skill level 18 in Stealth
 17516 | Lair:4   | Reached skill level 15 in Hexes
 17547 | Lair:4   | Found a hole to the Spider Nest.
 17782 | Lair:4   | Reached XP level 13. HP: 52/55 MP: 12/20
 18209 | Lair:5   | Reached skill level 5 in Earth Magic
 18293 | Lair:5   | Found a staircase to the Slime Pits.
 18713 | Lair:6   | Entered Level 6 of the Lair of Beasts
 18832 | Lair:5   | Reached skill level 19 in Stealth
 20550 | Lair:6   | Killed from afar by a rime drake

Vault maps used:
D:1:      scummos_arrival_gate
D:2:      minmay_snake_closets, uniq_crazy_yiuf_cottage, uniq_jessica
D:3:      gammafunk_steamed_eel, tgw_xom
D:4:      nicolae_ru_path_of_blood, uniq_menkaure, uniq_grinder
D:5:      kennysheep_mini_moat, first_bread, serial_undead, serial_undead_d,
          serial_undead_d, serial_undead_c, serial_undead_e, uniq_sigmund
D:6:      lemuel_doored_altar, minmay_ruffians
D:7:      ashenzari_conservatory_becter, temple_fountains, enter_ossuary_2,
          st_stairs_4
D:8:      tgw_sif
D:9:      overflow_temple_1_default, hangedman_pestilent_swarm
D:10:     lair_entry_dummy
D:11:     erik_orc_2, trove_entry_hex_spiral, special_room, serial_shops, shop
Temple:   bh_familiar_temple
Lair:1:   uniq_erica
Lair:2:   dragon1_lemuel, basic_altar
Lair:3:   regret_index_combs_of_tragedy, minmay_swamp_entry_worms,
          grunt_megastairs_1
Lair:4:   spider_nest_entry_a, grunt_megastairs_2
Lair:5:   nicolae_slime_entry_slimehenge, st_stairs_5,
          kennysheep_catoblepas_arena
Lair:6:   wormcave, guppyfry_lair_end_dragon, lemuel_fruit_fields
Ossuary:  ossuary_zaba_two_paths

Skill      XL: |  1  2  3  4  5  6  7  8  9 10 11 12 13 |
---------------+----------------------------------------+-----
Hexes          | 4 5 6 7 8 10 11 13 14 15 | 15.8
Stealth        | 5 6 7 9 10 13 14 16 17 18 19 | 19.6
Ice Magic      | 3 |  3.5
Invocations    | 2 5 7 9 |  9.0
Short Blades   | 4 |  4.3
Translocations | 4 6 |  6.2
Earth Magic    | 4 7 |  7.7
Dodging        | |  3.0
Spellcasting   | |  2.6

Action                   |  1- 3 |  4- 6 |  7- 9 | 10-12 | 13-15 || total
-------------------------+-------+-------+-------+-------+-------++-------
Melee: Dagger            |    93 |   126 |       |       |       ||   219
       Short sword       |       |    84 |   348 |   295 |    90 ||   817
 Cast: Corona            |    10 |       |       |       |       ||    10
       Ensorcelled Hiber |    24 |    60 |    57 |   267 |   128 ||   536
       Confuse           |       |     9 |    32 |    21 |     6 ||    68
       Tukima's Dance    |       |       |       |     1 |       ||     1
       Metabolic Englaci |       |       |       |     1 |       ||     1
  Use: Scroll            |       |     9 |     8 |    10 |     2 ||    29
       Potion            |       |       |       |    12 |     1 ||    13
 Stab: Sleeping          |    21 |    51 |    78 |   185 |    69 ||   404
       Confused          |       |     4 |    29 |    14 |     2 ||    49
       Paralysed         |       |       |     3 |    10 |     3 ||    16
       Distracted        |       |       |       |     1 |       ||     1
  Eat: Bread ration      |       |     1 |     2 |     5 |     1 ||     9
Armor: Robe              |    24 |    17 |    13 |    20 |     7 ||    81
Dodge: Dodged            |   107 |   154 |   229 |   330 |   105 ||   925
Block: Buckler           |       |     8 |    21 |       |       ||    29
